AoeStats
← 钓鱼佬

Hill Fort

506837524Analyzed
4v4 RM · 17d ago on Sep 15, 2026· 34m 40s· 8 players
Game mode
Random Map
Map size
Large (8 player)
Population
200
Speed
Normal
Resources
Standard
Victory
Conquest
Starting age
Dark Age
Ending age
Imperial Age
RankedLock teamsTeams togetherTeam positionsShared explorationLock speedFull tech treeHidden civsTurbo modeCheats
Victory
Defeat
🇨🇳 Mongols · China
1619
+8
🇨🇳 Maya · China
1490
+12
1485
+12
🇨🇳 Turks · China
1361
+18
🇨🇿 Sicilians · Czechia
1462
-15
🇨🇳 Aztecs · China
1422
-13
🇨🇳 Armenians · China
1368
-11
🇨🇳 Burmese · China
1368
-11
Dreamblack
10:47 Feudal Age
12:22 Loom
14:43 Castle Age
12:56 Double-Bit Axe
13:30 Horse Collar
13:39 Loom
19:50 Fervor
21:33 Stone Mining
22:13 Fletching
23:32 Wheelbarrow
22:42 Town Watch
23:22 Bow Saw
23:38 Heavy Plow
24:25 Bodkin Arrow
25:15 Gold Mining
26:02 Forging
25:54 Scale Mail Armor
25:54 Padded Archer Armor
26:39 Eagle Warrior
27:20 Squires
27:05 Gambesons
28:18 Fortified Wall
27:49 Treadmill Crane
28:05 Murder Holes
28:00 Arson
28:39 Leather Archer Armor
30:07 Iron Casting
29:48 Chain Mail Armor
31:39 Gold Shaft Mining
31:39 Stone Shaft Mining
35:51 Imperial Age
maniak
10:46 Feudal Age
11:30 Double-Bit Axe
11:27 Horse Collar
14:19 Loom
17:32 Castle Age
18:44 Bow Saw
18:38 Heavy Plow
20:20 Fletching
20:46 Pikeman
21:26 Squires
23:52 Bloodlines
23:42 Husbandry
25:49 Wheelbarrow
25:25 Husbandry
31:55 Imperial Age
31:52 Bodkin Arrow
31:49 Town Watch
33:07 Conscription
33:22 Hauberk
AoToA
11:06 Feudal Age
12:50 Loom
16:04 Castle Age
14:14 Horse Collar
15:14 Gold Mining
17:22 Heavy Plow
20:22 Wheelbarrow
23:05 Sanctity
24:51 Town Watch
26:17 Stone Mining
29:48 Imperial Age
27:34 Scale Barding Armor
28:29 Hand Cart
28:38 Padded Archer Armor
29:41 Gold Shaft Mining
31:09 Conscription
30:09 Elite Arambai
32:17 Chain Barding Armor
33:26 Bloodlines
33:17 Husbandry
run
12:19 Feudal Age
13:22 Double-Bit Axe
13:31 Horse Collar
16:15 Castle Age
15:27 Loom
15:34 Loom
17:50 Bow Saw
17:47 Heavy Plow
23:13 Wheelbarrow
25:05 Gold Mining
25:07 Stone Mining
28:27 Gold Shaft Mining
28:45 Hand Cart
28:15 Town Watch
29:12 Fletching
29:23 Padded Archer Armor
32:38 Imperial Age
33:09 Bodkin Arrow
33:30 Leather Archer Armor
王小牛
4:59 Loom
10:11 Loom
12:01 Feudal Age
15:44 Castle Age
14:03 Loom
14:25 Horse Collar
16:40 Double-Bit Axe
17:44 Bow Saw
20:42 Wheelbarrow
22:57 Hand Cart
25:03 Scale Barding Armor
25:08 Forging
26:19 Bloodlines
26:09 Husbandry
27:01 Chain Barding Armor
32:48 Imperial Age
33:29 Iron Casting
33:28 Heavy Plow
34:09 Plate Barding Armor
34:56 Blast Furnace
34:34 Masonry
34:05 Treadmill Crane
34:47 Ballistics
35:37 Conscription
椒香三角铁
0:36 Loom
10:55 Feudal Age
11:52 Feudal Age
15:46 Castle Age
14:21 Double-Bit Axe
14:45 Horse Collar
16:49 Bow Saw
18:30 Fletching
25:01 Bodkin Arrow
27:15 Wheelbarrow
30:28 Hand Cart
32:02 Ballistics
35:24 Imperial Age
32:41 Town Watch
34:49 Padded Archer Armor
钓鱼佬
11:09 Loom
12:54 Feudal Age
14:17 Double-Bit Axe
14:13 Horse Collar
17:16 Castle Age
16:14 Bloodlines
16:00 Gold Mining
17:29 Forging
18:32 Iron Casting
19:43 Scale Barding Armor
24:31 Wheelbarrow
30:52 Chain Barding Armor
33:12 Hand Cart
Princess Mi Amore Cadenza
11:03 Feudal Age
12:53 Loom
15:49 Castle Age
14:03 Horse Collar
14:44 Double-Bit Axe
16:48 Wheelbarrow
17:40 Heavy Plow
19:16 Bow Saw
23:06 Gold Mining
24:13 Scale Barding Armor
25:05 Fletching
25:45 Hand Cart
25:54 Chain Barding Armor
25:31 Stone Mining
26:17 Gold Shaft Mining
26:27 Bodkin Arrow
32:45 Imperial Age
33:06 Forging
34:27 Iron Casting
Connection lost

Rejoining the realm…

Still unreachable

The connection could not be restored.

Session expired

The server has moved on; the page needs a fresh start.